 Dungeon Crawl Stone Soup version 0.25.1-2-g60ff931df9 (webtiles) character file.

Game seed: 9906004195848328997

198 tempo the Magician (level 5, -5/29 HPs)
             Began as a Deep Elf Wizard on Oct 1, 2020.
             Was a Follower of Vehumet.
             Killed by nerve-wracking pain
             ... invoked by an orc priest
              (12 damage)
             ... on level 3 of the Dungeon.
             The game lasted 00:05:07 (2945 turns).

tempo the Magician (Deep Elf Wizard)                Turns: 2945, Time: 00:05:07

Health: -5/29      AC:  3    Str:  4    XL:     5   Next: 47%
Magic:  9/15       EV: 13    Int: 24    God:    Vehumet [*.....]
Gold:   132        SH:  0    Dex: 13    Spells: 4/16 levels left

rFire    . . .     SeeInvis .   (no weapon)
rCold    . . .     Gourm    .   (no shield)
rNeg     . . .     Faith    .   a - +0 robe
rPois    .         Spirit   .   b - +0 hat
rElec    .         Reflect  .   (no cloak)
rCorr    .         Harm     .   v - +0 pair of gloves
MR       .....                  (no boots)
Stlth    ++........             (no amulet)
HPRegen  0.09/turn              (no ring)
MPRegen  0.14/turn              (no ring)

@: no status effects
A: no striking features
a: Renounce Religion


You were on level 3 of the Dungeon.
You worshipped Vehumet.
Vehumet was aware of your devotion.
You were hungry.

You visited 1 branch of the dungeon, and saw 3 of its levels.

You collected 132 gold pieces.

Inventory:

Armour
 a - a +0 robe (worn)
 b - a +0 hat (worn)
 v - a +0 pair of gloves (worn)
Jewellery
 p - an uncursed ring of stealth
Scrolls
 c - a scroll of immolation {unknown}
 f - 6 scrolls of identify {unknown}
 g - a scroll of fog {unknown}
 h - a scroll of fear {unknown}
 j - a scroll of remove curse {unknown}
 l - 4 scrolls of teleportation {unknown}
 r - a scroll of noise {unknown}
 t - a scroll of magic mapping {unknown}
Potions
 e - 3 potions of curing {unknown}
 i - a potion of stabbing {unknown}
 k - a potion of invisibility {unknown}
 m - a potion of mutation {unknown}
 n - 2 potions of brilliance {unknown}
 q - a potion of degeneration {unknown}
 s - a potion of heal wounds {unknown}
 u - 2 potions of flight {unknown}
Comestibles
 d - 4 rations


   Skills:
 - Level 1.0 Fighting
 - Level 1.1 Armour
 - Level 2.4 Dodging
 - Level 2.4 Stealth
 * Level 6.2 Spellcasting
 * Level 3.1 Conjurations
 - Level 1.1 Summonings
 - Level 1.1 Translocations
 + Level 0.8 Fire Magic
 + Level 1.2 Air Magic
 - Level 1.0 Poison Magic


You had 4 spell levels left.
You knew the following spells:

 Your Spells              Type           Power        Failure   Level  Hunger
a - Magic Dart            Conj           ###.         2%          1    None
b - Mephitic Cloud        Conj/Pois/Air  ###.....     11%         3    #......
c - Call Imp              Summ           ##......     8%          2    None
d - Blink                 Tloc           N/A          8%          2    None
e - Conjure Flame         Conj/Fire      ###.....     11%         3    #......
f - Shock                 Conj/Air       ###.         3%          1    None

Your spell library contained the following spells:

 Spells                   Type           Power        Failure   Level  Hunger
 Slow                     Hex            #.......     12%         2    None


Dungeon Overview and Level Annotations

Branches:
Dungeon (3/15)

Altars:
Vehumet


Message History

Casting: Magic Dart (safe; 2% risk of failure)
Confirm with . or Enter, or press ? or * to list all spells.
Aiming: Magic Dart (safe; 2% risk of failure)
Press: ? - help, Shift-Dir - straight line, f/p - orc priest
Aim: an orc priest, wielding a +0 dagger and wearing a +0 leather armour (moderately wounded)
The magic dart hits the orc priest.
The orc priest is severely wounded.
The orc priest mumbles some strange prayers to Beogh against you.
Beogh smites you!
* * * LOW HITPOINT WARNING * * *
Casting: Magic Dart (safe; 2% risk of failure)
Confirm with . or Enter, or press ? or * to list all spells.
Aiming: Magic Dart (safe; 2% risk of failure)
Press: ? - help, Shift-Dir - straight line, f/p - orc priest
Aim: an orc priest, wielding a +0 dagger and wearing a +0 leather armour (severely wounded)
The magic dart hits the orc priest.
The orc priest is almost dead.
The orc priest mumbles some strange prayers to Beogh against you.
Pain shoots through your body!
You die...

#.......#####.#.#
+.......+.......#
#.?.....##....####
#.#...####........
#.###.# #........ #
#.###.# #........
#.#.....####(...####
#.#.......o.S!....#
#..(..)@..###.....#
#.###)##### #.....#
... ..##..# #.# .#.#
..# #. .#.# ..# # #
... ..# ##.


You could see an orc priest and an adder.

Vanquished Creatures
  An orc wizard (D:3)
  Jessica (D:2)
  Ijyb (D:3)
  A hound skeleton (D:2)
  3 gnolls
  2 adders (D:2)
  2 leopard geckos
  5 orcs (D:3)
  A giant cockroach (D:1)
  6 goblins
  5 hobgoblins
  4 jackals
  4 quokkas
  8 bats
  2 frilled lizards
  5 kobolds
  2 rats
53 creatures vanquished.

Notes
Turn   | Place    | Note
-------+----------+-------------------------------------------
     0 | D:1      | tempo the Deep Elf Wizard began the quest for the Orb.
     0 | D:1      | Reached XP level 1. HP: 10/10 MP: 7/7
   538 | D:1      | Reached XP level 2. HP: 16/16 MP: 6/9
  1053 | D:2      | Found a radiant altar of Vehumet.
  1062 | D:2      | Became a worshipper of Vehumet
  1106 | D:2      | Noticed Jessica
  1109 | D:2      | Killed Jessica
  1109 | D:2      | Reached skill level 5 in Spellcasting
  1109 | D:2      | Reached XP level 3. HP: 20/20 MP: 6/11
  1114 | D:2      | Learned a level 3 spell: Mephitic Cloud
  1117 | D:2      | Learned a level 2 spell: Call Imp
  1120 | D:2      | Learned a level 2 spell: Blink
  1124 | D:2      | Learned a level 3 spell: Conjure Flame
  1274 | D:1      | Reached skill level 1 in Fighting
  1274 | D:1      | Reached skill level 1 in Armour
  1513 | D:2      | Reached XP level 4. HP: 25/25 MP: 6/13
  1989 | D:2      | Reached * piety under Vehumet
  1989 | D:2      | Offered knowledge of Shock by Vehumet.
  1992 | D:2      | Learned a level 1 spell: Shock
  2355 | D:3      | Reached skill level 1 in Poison Magic
  2377 | D:3      | Reached XP level 5. HP: 29/29 MP: 3/15
  2417 | D:3      | Noticed Ijyb
  2512 | D:3      | Reached skill level 6 in Spellcasting
  2512 | D:3      | Reached skill level 1 in Air Magic
  2628 | D:3      | Killed Ijyb
  2945 | D:3      | Killed from afar by an orc priest

Illustrated notes

Levels and vault maps discovered:
D:1:      minmay_arrival_wavy_path, layout_loops_corners, minmay_pentomino_o4
D:2:      layout_rooms, lemuel_crystal_altar, first_ration, uniq_jessica
D:3:      layout_basic, uniq_ijyb, uniq_crazy_yiuf_cottage, uniq_sigmund

Skill      XL: |  1  2  3  4  5 |
---------------+----------------+-----
Spellcasting   | 5 6 |  6.2
Fighting       | 1 |  1.0
Armour         | 1 |  1.1
Conjurations   | 2 3 |  3.1
Poison Magic   | 1 |  1.0
Air Magic      | 1 |  1.2
Dodging        | |  2.4
Stealth        | |  2.4
Summonings     | |  1.1
Translocations | |  1.1
Fire Magic     | |  0.8

Action                   |  1- 3 |  4- 6 || total
-------------------------+-------+-------++-------
Melee: Unarmed           |       |     5 ||     5
 Cast: Magic Dart        |    61 |    84 ||   145
       Mephitic Cloud    |       |     3 ||     3
       Conjure Flame     |       |     2 ||     2
 Stab: Confused          |       |     3 ||     3
  Eat: Chunk             |     2 |     3 ||     5
Armor: Robe              |       |     1 ||     1
Dodge: Dodged            |     6 |     8 ||    14
